 Dungeon Crawl Stone Soup version 0.17.1-1-g73c8601 (webtiles) character file.

98 Runnr the Grave Robber (level 4, -1/32 HPs)
             Began as a Demonspawn Necromancer on Dec 19, 2015.
             Slain by a centaur zombie (5 damage)
             ... on level 3 of the Dungeon.
             The game lasted 00:06:04 (2684 turns).

Runnr the Grave Robber (Demonspawn Necromancer)     Turns: 2684, Time: 00:06:04

Health: -1/32      AC:  5    Str: 10    XL:     4   Next: 44%
Magic:  8/8        EV: 13    Int: 21    God:
Gold:   49         SH:  0    Dex: 13    Spells: 2 memorised, 6 levels left

rFire  . . .     SeeInvis .     (no weapon)
rCold  . . .     Clarity  .     a - +0 robe
rNeg   . . .     SustAt   .     (no shield)
rPois  .         Gourm    .     (helmet restricted)
rElec  .         Spirit   .     e - +0 cloak
rCorr  .         Warding  .     (no gloves)
rMut   .         Stasis   .     (no boots)
MR     .....                    (no amulet)
Stlth  ++........               (no ring)
                                (no ring)

@: brilliant, not resistant to hostile enchantments, unstealthy
A: horns 1, thin metallic scales 1
a: no special abilities


You were on level 3 of the Dungeon.
You were hungry.

You visited 1 branch of the dungeon, and saw 3 of its levels.

You collected 49 gold pieces.

Inventory:

Armour
 a - a +0 robe (worn)
 e - a +0 cloak (worn)
Jewellery
 f - an uncursed ring of protection from fire {unknown}
Scrolls
 j - a scroll of amnesia {unknown}
 k - 2 scrolls of fear {unknown}
 o - a scroll of noise {unknown}
 p - a scroll of identify {unknown}
 r - a scroll of teleportation {unknown}
Potions
 d - a potion of might
 h - a potion of curing {unknown}
 i - a potion of flight
 n - a potion of haste {unknown}
Books
 b - a book of Necromancy

   Spells                             Type                      Level
   a - Pain                           Necromancy                   1
   b - Animate Skeleton               Necromancy                   1
   c - Vampiric Draining              Necromancy                   3
   d - Regeneration                   Charms/Necromancy            3
   e - Animate Dead                   Necromancy                   4
   f - Control Undead                 Necromancy                   4
Comestibles
 c - 3 bread rations
 g - a meat ration
 l - a slice of pizza


   Skills:
 + Level 1.4 Fighting
 + Level 2.9 Dodging
 - Level 1.7 Stealth
 + Level 2.7 Spellcasting
 + Level 4.9 Necromancy


You had 6 spell levels left.
You knew the following spells:

 Your Spells              Type           Power        Failure   Level  Hunger
a - Pain                  Necr           ####         1%          1    None
b - Animate Skeleton      Necr           N/A          1%          1    None


Dungeon Overview and Level Annotations

Branches:
Dungeon (3/15)

Altars:
Dithmenos
Fedhas
Gozag
Nemelex Xobeh
Trog
Vehumet
Zin
The Shining One


Innate Abilities, Weirdness & Mutations

You have a pair of small horns on your head.
You are partially covered in thin metallic scales (AC +2).


Message History

You punch the centaur zombie! The centaur zombie hits you.
* * * LOW HITPOINT WARNING * * *
Drink which item? (? for menu, Esc to quit)
It was a potion of flight.
You feel very buoyant.
You fly up into the air.
The centaur zombie hits you.
* * * LOW HITPOINT WARNING * * *
Drink which item? (? for menu, Esc to quit)
Okay, then.
Drink which item? (? for menu, Esc to quit)
It was a potion of cancellation.
Your magical effects are unravelling.
You feel magically purged.
You feel a little less mighty now.
The centaur zombie closely misses you. x2
Drink which item? (? for menu, Esc to quit)
It was a potion of brilliance.
You feel clever all of a sudden.
You float gracefully downwards.
The centaur zombie hits you.
You die...

# +###.##.##...#..........##
..............+............
#.#.#.##.##...#.####....##.
##.#.#.##.######.#<...#.....
...........................#
#####..........)#......#.##..
#............))..<###......##.
#.######.##.#....## #......#
.....####.##.#@#### #......#
...#....#[##.#Z# #......#
#........#...K#######...#.##
####..รท###..........##.##...
#....)............... .# ##
#..........#.......!#
#.......#####........
#.......###..........
#.#..................


You could see a centaur zombie and a kobold.

Vanquished Creatures
  3 adders
  2 oozes (D:1)
  A worm (D:2)
  5 giant geckos
  5 orcs
  6 bats
  14 goblins
  5 hobgoblins
  2 kobolds
  4 giant cockroaches
  A giant newt (D:2)
  6 rats
54 creatures vanquished.

Vanquished Creatures (collateral kills)
  A bat (D:2)
1 creature vanquished.

Grand Total: 55 creatures vanquished

Notes
Turn   | Place    | Note
--------------------------------------------------------------
     0 | D:1      | Runnr the Demonspawn Necromancer began the quest for the Orb.
     0 | D:1      | Reached XP level 1. HP: 13/13 MP: 3/3
   544 | D:1      | Gained mutation: You have a pair of small horns on your head. [demonic ancestry]
   544 | D:1      | Reached XP level 2. HP: 20/20 MP: 3/5
   572 | D:1      | Learned a level 1 spell: Animate Skeleton
   963 | D:1      | Gained mutation: You are partially covered in thin metallic scales (AC +2). [demonic ancestry]
   963 | D:1      | Reached XP level 3. HP: 22/25 MP: 2/6
  1055 | D:1      | Reached skill level 1 in Fighting
  1662 | D:2      | Found a blossoming altar of Fedhas.
  1669 | D:2      | Found an opulent altar of Gozag.
  1676 | D:2      | Found a glowing silver altar of Zin.
  1681 | D:2      | Found a sparkling altar of Nemelex Xobeh.
  1692 | D:2      | Found a glowing golden altar of the Shining One.
  1699 | D:2      | Found a shadowy altar of Dithmenos.
  1704 | D:2      | Found a bloodstained altar of Trog.
  1747 | D:2      | Reached XP level 4. HP: 32/32 MP: 5/7
  1988 | D:2      | Found a radiant altar of Vehumet.
  2684 | D:3      | Slain by a centaur zombie

Action                   |  1- 3 |  4- 6 || total
-------------------------+-------+-------++-------
Melee: Unarmed           |     1 |     5 ||     6
 Cast: Pain              |    63 |    42 ||   105
       Animate Skeleton  |     3 |     2 ||     5
  Use: Potion            |       |     4 ||     4
  Eat: Chunk             |     3 |     3 ||     6
